 Dungeon Crawl Stone Soup version 0.27.1-4-g1640c2035a (webtiles) character file.

Game seed: 6229006612727608610

238 MisterFreud the Ducker (level 6, -4/42 HPs)
             Began as a Gnoll Wanderer on Nov 6, 2021.
             Was a Follower of Hepliaklqana.
             Slain by a mummy (14 damage)
             ... in an ossuary.
             The game lasted 00:05:29 (4200 turns).

MisterFreud the Ducker (Gnoll Wanderer)             Turns: 4200, Time: 00:05:30

Health: -4/42      AC:  3    Str: 11    XL:     6   Next: 7%
Magic:  10/11      EV: 14    Int: 13    God:    Hepliaklqana [*.....]
Gold:   115        SH:  0    Dex: 12    Spells: 11/11 levels left

rFire    . . .     SeeInvis .   a - +2 quarterstaff
rCold    . . .     Faith    .   (shield currently unavailable)
rNeg     . . .     Spirit   .   d - +0 robe
rPois    .         Reflect  .   i - +0 helmet
rElec    .         Harm     .   (no cloak)
rCorr    .         Rampage  .   (no gloves)
Will     .....                  (no boots)
Stlth    ++........             (no amulet)
HPRegen  0.14/turn              (no ring)
MPRegen  0.12/turn              (no ring)

@: marked
A: reduced essence, fangs 1, strong nose, distributed training
a: Renounce Religion, Recall Ancestor, Ancestor Identity


You were in an ossuary.
You worshipped Hepliaklqana.
Hepliaklqana was aware of your devotion.
You visited 1 branch of the dungeon, and saw 4 of its levels.
You also visited: Ossuary.

You collected 115 gold pieces.

Inventory:

Hand Weapons
 a - a +2 quarterstaff (weapon)
Missiles
 k - 22 poisoned darts (quivered)
Armour
 d - a +0 robe (worn)
 i - a +0 helmet (worn)
Jewellery
 n - a ring of positive energy
 o - a +6 ring of intelligence
Scrolls
 e - 2 scrolls of identify {unknown}
 g - a scroll of acquirement {unknown}
 h - 2 scrolls of magic mapping {unknown}
 j - a scroll of fear {unknown}
 l - a scroll of amnesia {unknown}
 m - 2 scrolls of fog {unknown}
 r - a scroll of blinking {unknown}
Potions
 b - a potion of lignification
 c - 2 potions of curing
 f - 2 potions of flight {unknown}
 p - a potion of resistance {unknown}
 q - a potion of haste {unknown}


   Skills:
 + Level 3.1 Fighting
 + Level 1.8 Short Blades
 + Level 1.8 Long Blades
 + Level 1.8 Axes
 + Level 1.8 Maces & Flails
 + Level 1.8 Polearms
 + Level 3.1 Staves
 + Level 1.8 Slings
 + Level 1.8 Bows
 + Level 1.8 Crossbows
 + Level 1.8 Throwing
 + Level 1.8 Armour
 + Level 6.8 Dodging
 + Level 3.0 Stealth
 + Level 3.1 Shields
 + Level 1.8 Unarmed Combat
 + Level 3.3 Spellcasting
 + Level 1.4 Conjurations
 + Level 1.4 Hexes
 + Level 1.4 Summonings
 + Level 1.4 Necromancy
 + Level 4.0 Translocations
 + Level 1.4 Transmutations
 + Level 1.4 Fire Magic
 + Level 1.4 Ice Magic
 + Level 1.4 Air Magic
 + Level 1.4 Earth Magic
 + Level 1.4 Poison Magic
 + Level 2.0 Invocations
 + Level 1.8 Evocations


You had 11 spell levels left.
You didn't know any spells.
Your spell library contained the following spells:

 Spells                   Type           Power      Damage    Failure   Level
 Chain Lightning          Conj/Air       2%         3d3       100%        9
 Fire Storm               Conj/Fire      2%         8d1       100%        9


Dungeon Overview and Level Annotations

Branches:
Dungeon (4/15)            Ossuary (1/1)
 Temple: D:4-7

Altars:
Hepliaklqana
Sif Muna
Yredelemnul


Innate Abilities, Weirdness & Mutations

Your life essence is reduced to manifest your ancestor. (-10% HP)
You have very sharp teeth.
Your uncanny sense of smell can sniff out nearby items.
Your experience applies equally to all skills.


Message History

The hobgoblin zombie sets off the alarm!
The alarm trap emits a blaring wail!
The mark upon you grows brighter.
An elf zombie comes into view.
The adder zombie barely misses you.
The mummy hits Paullus!
The mummy hits Paullus!!
Paullus is destroyed!
You thump the adder zombie!
The adder zombie is severely damaged.
The adder zombie closely misses you.
You hit the adder zombie.
The adder zombie is almost destroyed.
The adder zombie closely misses you. The adder zombie bites you.
You hit the adder zombie.
You destroy the adder zombie!
Your Stealth skill increases to level 3!
You hit the human zombie. Your bite misses the human zombie.
The human zombie is lightly damaged.
The human zombie hits you.
You sock the human zombie!
The human zombie is moderately damaged.
The mummy hits you! The human zombie hits you.
You barely miss the human zombie.
The human zombie is moderately damaged.
The human zombie hits you but does no damage.
The mummy hits you!
You are too injured to fight recklessly!
You hit the human zombie.
The human zombie is heavily damaged.
The human zombie hits you but does no damage.
You are too injured to fight recklessly!
You hit the human zombie.
The human zombie is heavily damaged.
The mummy hits you!
* * * LOW HITPOINT WARNING * * *
The human zombie closely misses you.
You hit the human zombie but do no damage.
The human zombie is heavily damaged.
The mummy hits you!
You die...

#....................#
#....................#
#........8..8........#
#....................#
#...######.^######...#
#...# #.^# #...# #...#
#.^# #...#
#...#.####ZZ####.#...#
#...#ZZZ@MMZ.....#...#
#...#.####Z......#...#
#...# ∆∆#.......#...#
#...# ∆∆∆#.......#...#
#...# #.∩.....#...#
#...# ....+####...#
#...# #...# #...#
#...# ∆#...# #...#
#...##############...#


You could see 2 mummies, a hobgoblin zombie, a kobold zombie, 2 orc zombies, an
elf zombie, a centaur zombie and a human zombie.

Vanquished Creatures
  An orc priest (D:3)
  An iguana (D:3)
  An orc wizard (D:3)
  A howler monkey zombie (D:3)
  An adder (D:4)
  An adder zombie (Ossuary)
  3 worms
  6 orcs (D:3)
  8 ball pythons
  9 bats
  6 endoplasms
  3 giant cockroaches
  4 goblins
  5 hobgoblins
  11 kobolds
  4 quokkas
  A frilled lizard (D:1)
  5 hobgoblin zombies (Ossuary)
  6 kobold zombies (Ossuary)
  4 orc zombies (Ossuary)
  6 rats
  A spectral orc (D:3)
88 creatures vanquished.

Vanquished Creatures (collateral kills)
  Jessica (D:3)
  A bat (D:3)
  A goblin (D:3)
  A hobgoblin (D:4)
  4 kobold zombies (Ossuary)
  2 orc zombies (Ossuary)
  A rat (D:3)
11 creatures vanquished.

Vanquished Creatures (others)
  An ancestor (Ossuary)
  4 toadstools (D:1)
5 creatures vanquished.

Grand Total: 104 creatures vanquished

Notes
Turn   | Place    | Note
-------+----------+-------------------------------------------
     0 | D:1      | MisterFreud the Gnoll Wanderer began the quest for the Orb.
     0 | D:1      | MisterFreud set off with the following items: a +2
                  | quarterstaff, a potion of lignification, a potion of
                  | curing, a +0 robe
     0 | D:1      | Reached XP level 1. HP: 17/17 MP: 4/4
   242 | D:1      | Reached XP level 2. HP: 20/23 MP: 5/5
   769 | D:1      | Reached XP level 3. HP: 28/28 MP: 7/7
  1231 | D:2      | Found a hazy altar of Hepliaklqana.
  1242 | D:2      | Became a worshipper of Hepliaklqana the Forgotten
  1300 | D:2      | Reached skill level 1 in Invocations
  1820 | D:2      | Reached skill level 1 in Short Blades
  1820 | D:2      | Reached skill level 1 in Long Blades
  1820 | D:2      | Reached skill level 1 in Axes
  1820 | D:2      | Reached skill level 1 in Maces & Flails
  1820 | D:2      | Reached skill level 1 in Polearms
  1820 | D:2      | Reached skill level 1 in Slings
  1820 | D:2      | Reached skill level 1 in Bows
  1820 | D:2      | Reached skill level 1 in Crossbows
  1820 | D:2      | Reached skill level 1 in Throwing
  1820 | D:2      | Reached skill level 1 in Armour
  1820 | D:2      | Reached skill level 1 in Unarmed Combat
  1820 | D:2      | Reached skill level 1 in Evocations
  1828 | D:2      | Found a faded altar of an unknown god.
  2218 | D:3      | Reached * piety under Hepliaklqana
  2282 | D:3      | Reached XP level 4. HP: 22/30 MP: 8/8
  2405 | D:3      | Noticed Jessica
  2413 | D:3      | Killed Jessica
  2612 | D:3      | Reached skill level 1 in Conjurations
  2612 | D:3      | Reached skill level 1 in Hexes
  2612 | D:3      | Reached skill level 1 in Summonings
  2612 | D:3      | Reached skill level 1 in Necromancy
  2612 | D:3      | Reached skill level 1 in Transmutations
  2612 | D:3      | Reached skill level 1 in Fire Magic
  2612 | D:3      | Reached skill level 1 in Ice Magic
  2612 | D:3      | Reached skill level 1 in Air Magic
  2612 | D:3      | Reached skill level 1 in Earth Magic
  2612 | D:3      | Reached skill level 1 in Poison Magic
  2921 | D:3      | Found a basalt altar of Yredelemnul.
  3117 | D:3      | Reached XP level 5. HP: 15/36 MP: 9/9
  3666 | D:3      | Found a shimmering blue altar of Sif Muna.
  4008 | D:4      | Found a sand-covered staircase.
  4030 | Ossuary  | Entered an ossuary
  4108 | Ossuary  | Reached XP level 6. HP: 41/42 MP: 10/10
  4200 | Ossuary  | Slain by a mummy

Illustrated notes

Levels and vault maps discovered:
D:1:      ldierk_water_garden, layout_basic, minmay_pentomino_x2
D:2:      layout_loops_ring, basic_altar, shapermc_ecumenical_altar_notcrosses,
          kennysheep_donut
D:3:      layout_basic, yredelemnul_forgotten_temple_becter,
          kennysheep_orc_sif_temple, uniq_jessica, uniq_crazy_yiuf_cottage
D:4:      layout_cave_pods, nicolae_ossuary_entry_monument
Ossuary:  ossuary_tomb_1

Skill      XL: |  1  2  3  4  5  6 |
---------------+-------------------+-----
Invocations    | 1 2 |  2.0
Short Blades   | 1 |  1.8
Long Blades    | 1 |  1.8
Axes           | 1 |  1.8
Maces & Flails | 1 |  1.8
Polearms       | 1 |  1.8
Slings         | 1 |  1.8
Bows           | 1 |  1.8
Crossbows      | 1 |  1.8
Throwing       | 1 |  1.8
Armour         | 1 |  1.8
Unarmed Combat | 1 |  1.8
Evocations     | 1 |  1.8
Spellcasting   | 3 |  3.3
Conjurations   | 1 |  1.4
Hexes          | 1 |  1.4
Summonings     | 1 |  1.4
Necromancy     | 1 |  1.4
Transmutations | 1 |  1.4
Fire Magic     | 1 |  1.4
Ice Magic      | 1 |  1.4
Air Magic      | 1 |  1.4
Earth Magic    | 1 |  1.4
Poison Magic   | 1 |  1.4
Fighting       | 3 |  3.1
Staves         | 3 |  3.1
Shields        | 3 |  3.1
Translocations | 4 |  4.0
Stealth        | 3 |  3.0
Dodging        | |  6.8

Action                   |  1- 3 |  4- 6 || total
-------------------------+-------+-------++-------
Melee: Quarterstaff      |   115 |   144 ||   259
       Bite              |     2 |    15 ||    17
 Stab: Sleeping          |     8 |     2 ||    10
       Distracted        |     1 |     1 ||     2
Armor: Robe              |    28 |    33 ||    61
Dodge: Dodged            |    90 |    97 ||   187
